 Dungeon Crawl Stone Soup version 0.26.0-10-g1f06aea511 (webtiles) character file.

Game seed: 5347080958865817984

93 FancyManDan the Insei (level 4, 0/39 HPs)
             Began as a Naga Transmuter on Jan 13, 2021.
             Killed from afar by Sigmund (7 damage)
             ... with a magic dart
             ... on level 3 of the Dungeon.
             The game lasted 00:11:48 (2355 turns).

FancyManDan the Insei (Naga Transmuter)             Turns: 2355, Time: 00:11:48

Health: 0/39       AC:  4    Str: 12    XL:     4   Next: 62%
Magic:  5/7        EV: 10    Int: 13    God:
Gold:   202        SH:  0    Dex: 13    Spells: 2/8 levels left

rFire    . . .     SeeInvis +     - Unarmed
rCold    . . .     Faith    .   (no shield)
rNeg     . . .     Spirit   .   a - +0 robe
rPois    +         Reflect  .   i - +1 helmet
rElec    .         Harm     .   (no cloak)
rCorr    .         Rampage  .   (no gloves)
Will     .....                  (no barding)
Stlth    ..........             (no amulet)
HPRegen  0.13/turn              k - ring of attention
MPRegen  0.10/turn              (no ring)

@: confused, very slow
A: large, see invisible, deformed body, poison resistance, slowness 2, spit
poison 1, AC +1
a: Spit Poison


You were on level 3 of the Dungeon.
You visited 1 branch of the dungeon, and saw 3 of its levels.

You collected 202 gold pieces.

Inventory:

Armour
 a - a +0 robe (worn)
 i - a +1 helmet (worn)
Jewellery
 k - a ring of attention (left hand)
Wands
 g - a wand of enslavement (10)
 h - a wand of acid (8)
Scrolls
 c - a scroll of enchant weapon
 d - 2 scrolls of teleportation
 m - 2 scrolls of enchant armour
 n - a scroll of identify
Potions
 b - 2 potions of curing {unknown}
 e - 2 potions of brilliance {unknown}
 f - a potion of heal wounds {unknown}
 o - a potion of mutation {unknown}


   Skills:
 + Level 2.0 Fighting
 + Level 2.2 Dodging
 + Level 3.5 Unarmed Combat
 + Level 2.6 Spellcasting
 + Level 2.6 Transmutations


You had 2 spell levels left.
You knew the following spells:

 Your Spells              Type           Power        Failure   Level
a - Beastly Appendage     Tmut           16%          8%          1
b - Wereblood             Tmut           8%           12%         2
c - Spider Form           Tmut/Pois      2%           38%         3

Your spell library contained the following spells:

 Spells                   Type           Power        Failure   Level
 Ice Form                 Ice/Tmut       5%           80%         4
 Blade Hands              Tmut           4%           91%         5


Dungeon Overview and Level Annotations

Branches:
Dungeon (3/15)

Altars:
Elyvilon
Fedhas
Nemelex Xobeh
Okawaru
Xom

Annotations:
D:3 Sigmund


Innate Abilities, Weirdness & Mutations

You cannot wear boots.
Your serpentine skin is tough. (AC +1)
You have supernaturally acute eyesight. (SInv)
Armour fits poorly on your strangely shaped body.
Your system is resistant to poisons. (rPois)
You cover ground very slowly.
You can spit poison.


Message History

Sigmund looks more healthy.
You hear the rusting of a distant drain.
Sigmund casts a spell at you.
You are confused.
Sigmund points at himself and mumbles some strange words.
Sigmund flickers and vanishes for a moment.
You bump into the rock wall.
Your transformation has ended.
Your +1 helmet unmelds from your body.
Your +0 robe unmelds from your body.
You feel less confused. Sigmund gestures at you while chanting.
You are confused.
You bump into the rock wall.
You bump into the rock wall.
You're too confused to cast spells.
Unknown command.
There is a stone staircase leading up here.
Sigmund gestures at you while chanting. The magic dart hits you!
You die...

..........##.#
#########)##.# .# #.##.#
.# #..#.# .# ##.#.# ..
#####...# .## #.......#
..# #.......####..#
#........@.@..#
#.......####.......
#........# .......
#+####......#.## .#.....
............#..# .#.....
....#........#.#
.########## ...
#[.......#.##.#........#
..
#........#..#.#........#
#......>.##.#.#........#


You could see Sigmund (invisible).

Vanquished Creatures
  3 gnolls (D:3)
  4 leopard geckos
  3 orcs (D:3)
  A giant cockroach (D:2)
  9 goblins
  7 hobgoblins
  5 jackals (D:2)
  A quokka (D:2)
  4 bats
  7 frilled lizards
  8 kobolds
  2 rats (D:1)
54 creatures vanquished.

Notes
Turn   | Place    | Note
-------+----------+-------------------------------------------
     0 | D:1      | FancyManDan the Naga Transmuter began the quest for the
                  | Orb.
     0 | D:1      | Reached XP level 1. HP: 18/18 MP: 3/3
   262 | D:1      | Reached XP level 2. HP: 25/25 MP: 3/5
   581 | D:1      | Learned a level 2 spell: Wereblood
   774 | D:1      | Reached XP level 3. HP: 27/31 MP: 3/6
   927 | D:1      | Found an iron altar of Okawaru.
   929 | D:1      | Found a shimmering altar of Xom.
   929 | D:1      | Found a sparkling altar of Nemelex Xobeh.
   931 | D:1      | Found a blossoming altar of Fedhas.
   931 | D:1      | Found a shimmering altar of Xom.
   931 | D:1      | Found a white marble altar of Elyvilon.
  1613 | D:2      | Found a white marble altar of Elyvilon.
  2181 | D:2      | Learned a level 3 spell: Spider Form
  2229 | D:3      | Reached XP level 4. HP: 39/39 MP: 7/7
  2333 | D:3      | Noticed Sigmund
  2355 | D:3      | Killed from afar by Sigmund

Illustrated notes

Levels and vault maps discovered:
D:1:      minmay_arrival_open_corners, layout_basic, minmay_misc_feat_roman,
          doesnt_xom_only_xom
D:2:      layout_loops_corners, lemuel_round_altar
D:3:      layout_basic, portal_sewer_entry_e, dk_vineyard_1, uniq_sigmund

Skill      XL: |  1  2  3  4 |
---------------+-------------+-----
Dodging        | 2 |  2.2
Fighting       | 2 |  2.0
Unarmed Combat | |  3.5
Spellcasting   | |  2.6
Transmutations | |  2.6

Action                   |  1- 3 |  4- 6 || total
-------------------------+-------+-------++-------
Melee: Unarmed           |   111 |    27 ||   138
       Headbutt          |     7 |       ||     7
       Punch             |     2 |       ||     2
 Cast: Beastly Appendage |    25 |       ||    25
       Wereblood         |     2 |     2 ||     4
       Spider Form       |       |     2 ||     2
 Abil: Spit Poison       |    30 |     3 ||    33
  Use: Scroll            |     7 |       ||     7
Armor: Robe              |    28 |     2 ||    30
Dodge: Dodged            |    58 |    20 ||    78
